AoeStats
← ThaDolfin

Arabia

510401616Analyzed
1v1 RM · 22h ago on Sep 30, 2026· 39m 48s· 2 players
Game mode
Random Map
Map size
Tiny (2 player)
Population
200
Speed
Normal
Resources
Standard
Victory
Conquest
Starting age
Dark Age
Ending age
Imperial Age
RankedLock teamsTeams togetherTeam positionsShared explorationLock speedFull tech treeHidden civsTurbo modeCheats
Victory
Defeat
🇨🇭 Lithuanians · Switzerland
702
+12
🇺🇸 Lithuanians · United States
612
-12
ThaDolfin
4:14 Loom
14:35 Feudal Age
15:50 Gold Mining
15:47 Double-Bit Axe
18:06 Stone Mining
18:09 Horse Collar
20:00 Forging
23:15 Bloodlines
25:56 Castle Age
29:30 Iron Casting
29:02 Scale Barding Armor
29:01 Husbandry
32:34 Pikeman
33:19 Squires
34:09 Scale Mail Armor
pigmeroid
8:47 Loom
11:22 Feudal Age
12:16 Horse Collar
12:24 Double-Bit Axe
19:10 Castle Age
20:47 Heavy Plow
22:10 Husbandry
22:19 Scale Barding Armor
22:25 Forging
27:36 Bloodlines
28:35 Town Watch
29:26 Wheelbarrow
29:44 Town Patrol
33:06 Hand Cart
33:37 Chain Barding Armor
33:53 Iron Casting
34:05 Elite Skirmisher
34:52 Thumb Ring
39:11 Fletching
39:22 Padded Archer Armor
41:57 Imperial Age
Connection lost

Rejoining the realm…

Still unreachable

The connection could not be restored.

Session expired

The server has moved on; the page needs a fresh start.